 Dungeon Crawl Stone Soup version 0.30-a0-672-gc3a7216ad8 (webtiles) character file.

Game seed: 17192811622728019035

1372 Mitcholas the Magician (level 8, -5/60 HPs)
             Began as a Djinni Conjurer on Jan 18, 2023.
             Slain by Edmund
             ... wielding a +4 flail of protection
              (9 damage)
             ... on level 5 of the Dungeon.
             The game lasted 00:19:42 (3803 turns).

Mitcholas the Magician (Djinni Conjurer)            Turns: 3803, Time: 00:19:43

Health: -5/60      AC:  7    Str:  6    XL:     8   Next: 98%
Gold:   169        EV: 13    Int: 21    God:
                   SH:  0    Dex: 13

rFire   + + .      SeeInvis .    (no weapon)
rCold   x . .      Faith    .    (no shield)
rNeg    . . .      Spirit   .    a - +0 robe
rPois   ∞          Reflect  .    t - +0 helmet
rElec   .          Harm     .    (no cloak)
rCorr   .          Rampage  .    (no gloves)
Will    +....                    (boots unavailable)
Stlth   ++                       (no amulet)
HPRegen 0.30/turn                q - ring of willpower
MPRegen 0.00/turn                l - +4 ring of protection

@: flying, very slightly contaminated
A: sickness immunity, fire resistance 2, cold vulnerability 1, float, innate
caster, HP casting, extra vitality 1
a: no special abilities


You were on level 5 of the Dungeon.
You visited 1 branch of the dungeon, and saw 5 of its levels.

You collected 169 gold pieces.

Inventory:

Armour
 a - a +0 robe (worn)
 e - a +0 leather armour
 t - a +0 helmet (worn)
Jewellery
 l - a +4 ring of protection (right hand)
 q - a ring of willpower (left hand)
Wands
 j - a wand of polymorph (13)
Scrolls
 b - 2 scrolls of fear {unknown}
 k - 6 scrolls of identify {unknown}
 m - a scroll of magic mapping {unknown}
 n - 2 scrolls of teleportation {unknown}
 s - a scroll of enchant armour {unknown}
 u - a scroll of immolation {unknown}
Potions
 c - a potion of might {unknown}
 d - 2 potions of degeneration {unknown}
 f - 3 potions of attraction {unknown}
 g - 5 potions of mutation {unknown}
 h - a potion of invisibility {unknown}
 i - 3 potions of heal wounds {unknown}
 o - a potion of cancellation {unknown}
 p - 2 potions of brilliance {unknown}
 r - a potion of ambrosia {unknown}


   Skills:
 * Level 5.4 Fighting
 + Level 3.0 Armour
 + Level 4.4 Dodging
 + Level 3.6 Stealth
 * Level 5.4 Spellcasting
 + Level 1.9 Evocations


You couldn't memorise any spells.
You knew the following spells:

 Your Spells              Type           Power      Damage    Failure   Level
a - Magic Dart            Conj           100%       1d8       1%          1
b - Searing Ray           Conj           56%        2d6       1%          2
c - Dazzling Flash        Conj/Hex       56%        N/A       3%          3
d - Fulminant Prism       Conj/Hex       14%        3d8       11%         4
e - Iskenderun's Mystic   Conj/Tloc      28%        2d7       11%         4
f - Summon Small Mammal   Summ           100%       N/A       1%          1
g - Lesser Beckoning      Tloc           56%        N/A       1%          2
h - Ozocubu's Armour      Ice            28%        N/A       3%          3
Your spell library was empty.

Dungeon Overview and Level Annotations

Branches:
Dungeon (5/15)
 Temple: D:4-7

Altars:
Elyvilon
Makhleb
Okawaru
Ru
Uskayaw
Xom

Shops:
D:2 (   D:5 (

Annotations:
D:5 Edmund


Innate Abilities, Weirdness & Mutations

You are immune to sickness and miasma.
You are immune to poison.
Your flesh is very heat resistant. (rF++)
You are vulnerable to cold. (rC-)
You float through the air rather than walking.
You learn spells naturally, not from books.
Your magical power is your life essence.
You have superior vitality. (+4 MHP)


Message History

Confirm with . or Enter, or press ? or * to list all spells.
You miscast Iskenderun's Mystic Blast.
Strange energies run through your body!
Edmund hits you with a +4 flail of protection.
Casting: Iskenderun's Mystic Blast (dangerous; 11% risk of failure)
Confirm with . or Enter, or press ? or * to list all spells.
You erupt in a blast of force!
The mystic blast hits Edmund.
Edmund is moderately wounded.
Edmund is knocked back by the mystic blast.
Casting: Iskenderun's Mystic Blast (dangerous; 11% risk of failure)
Confirm with . or Enter, or press ? or * to list all spells.
You erupt in a blast of force!
The mystic blast hits Edmund.
Edmund is moderately wounded.
Edmund is knocked back by the mystic blast.
The ogre completely misses you.
Casting: Iskenderun's Mystic Blast (dangerous; 11% risk of failure)
Confirm with . or Enter, or press ? or * to list all spells.
You erupt in a blast of force!
The mystic blast hits Edmund but does no damage.
Edmund is moderately wounded.
The mystic blast hits the ogre!
The ogre is moderately wounded.
* * * LOW HITPOINT WARNING * * *
The ogre barely misses you.
Casting: Iskenderun's Mystic Blast (dangerous; 11% risk of failure)
Confirm with . or Enter, or press ? or * to list all spells.
You erupt in a blast of force!
The mystic blast hits Edmund but does no damage.
Edmund is moderately wounded.
The mystic blast hits the ogre!
The ogre is heavily wounded.
The ogre is knocked back by the mystic blast.
* * * LOW HITPOINT WARNING * * *
Edmund hits you with a +4 flail of protection.
* * * LOW HITPOINT WARNING * * *
Casting: Iskenderun's Mystic Blast (dangerous; 11% risk of failure)
Confirm with . or Enter, or press ? or * to list all spells.
You miscast Iskenderun's Mystic Blast.
Nothing appears to happen.
* * * LOW HITPOINT WARNING * * *
Edmund hits you with a +4 flail of protection!
You die...

#...... .. ..# #.....#
#..# #####.#
#.....###..###..##.###
#...............<....#
###....................#
#......................#
#...#...................#
#.@ #.....O...........).'
#. #.....@@............#
# #....#..#†##..###..##
#########'##..###..##
#............'
#........†...#
#............#
#............#
#..|...##...##
#..#...######


You could see Edmund and an ogre.

Vanquished Creatures
  Prince Ribbit (D:5)
  An orc warrior (D:4)
  3 ogres (D:4)
  2 phantoms (D:5)
  2 scorpions
  3 jellies
  A crimson imp (D:4)
  2 hounds (D:4)
  2 orc priests (D:5)
  An iguana (D:5)
  3 orc wizards
  8 adders
  A worm (D:5)
  6 dart slugs
  16 orcs
  6 bats
  21 endoplasms
  8 giant cockroaches
  7 goblins
  5 hobgoblins
  3 jackals (D:2)
  2 quokkas (D:2)
  5 ball pythons
  3 frilled lizards
  25 kobolds
  4 rats (D:2)
141 creatures vanquished.

Vanquished Creatures (collateral kills)
  2 endoplasms (D:1)
  3 jackals (D:2)
5 creatures vanquished.

Vanquished Creatures (others)
  8 fungi (D:3)
  6 toadstools (D:3)
14 creatures vanquished.

Grand Total: 160 creatures vanquished

Notes
Turn   | Place    | Note
-------+----------+-------------------------------------------
     0 | D:1      | Mitcholas the Djinni Conjurer began the quest for the Orb.
     0 | D:1      | Mitcholas set off with the following spells memorised:
                  | Magic Dart, Searing Ray, Dazzling Flash, Fulminant Prism,
                  | Iskenderun's Mystic Blast.
     0 | D:1      | Reached XP level 1. HP: 15/15 MP: 0/0
    52 | D:1      | Reached XP level 2. HP: 16/22 MP: 0/0
    77 | D:1      | Reached skill level 1 in Fighting
   267 | D:1      | Reached XP level 3. HP: 21/27 MP: 0/0
   267 | D:1      | Learned a level 1 spell: Summon Small Mammal
   622 | D:2      | Found Xibraw's Weapon Shoppe.
   678 | D:2      | Reached XP level 4. HP: 28/33 MP: 0/0
  1127 | D:3      | Identified the +0 pair of boots "Luhesibb" {Str+4}
  1268 | D:3      | Found a hide-covered altar of Uskayaw.
  1380 | D:3      | Reached XP level 5. HP: 35/39 MP: 0/0
  1380 | D:3      | Learned a level 2 spell: Lesser Beckoning
  1422 | D:3      | Reached skill level 1 in Armour
  1653 | D:3      | Reached XP level 6. HP: 43/45 MP: 0/0
  1852 | D:3      | Found a white marble altar of Elyvilon.
  2122 | D:4      | Noticed an ogre
  2125 | D:4      | Found an iron altar of Okawaru.
  2132 | D:4      | Killed an ogre
  2265 | D:4      | Reached XP level 7. HP: 47/50 MP: 0/0
  2265 | D:4      | Learned a level 3 spell: Ozocubu's Armour
  2858 | D:4      | Found a burning altar of Makhleb.
  2858 | D:4      | Found a shimmering altar of Xom.
  3087 | D:4      | Reached XP level 8. HP: 52/58 MP: 0/0
  3227 | D:5      | Entered Level 5 of the Dungeon
  3234 | D:5      | Reached skill level 5 in Spellcasting
  3248 | D:5      | Reached skill level 1 in Evocations
  3418 | D:5      | Found Tetisis's Weapon Emporium.
  3432 | D:5      | Found a sacrificial altar of Ru.
  3483 | D:5      | Reached skill level 5 in Fighting
  3582 | D:5      | Noticed Prince Ribbit
  3614 | D:5      | Killed Prince Ribbit
  3785 | D:5      | Noticed Edmund
  3803 | D:5      | Slain by Edmund

Illustrated notes

Levels and vault maps discovered:
D:1:      lemuel_arrival_hallway, layout_rooms
D:2:      layout_rooms, serial_shops, shop
D:3:      cheibrodos_fertilizer, layout_rooms, old_standard_altar,
          general_overflow_altar, grunt_ministairs_4, corexii_corridor_pit,
          minmay_hedge_maze, st_stairs_4, chequers_decorated_corner,
          kennysheep_generic_room_3
D:4:      layout_basic, grunt_temple_overflow_champion_of_chaos,
          mainiacjoe_overflow_chevrons, columned_hall_lemuel,
          nicolae_nh_ransacked_shop
D:5:      layout_gridville, nicolae_ru_great_annihilating_truth,
          lemuel_blue_sif_altar, serial_shops, shop, chequers_hall_statues_y,
          nzn_random_ring, uniq_grinder, uniq_edmund, uniq_prince_ribbit1

Skill      XL: |  1  2  3  4  5  6  7  8 |
---------------+-------------------------+-----
Fighting       | 1 2 3 4 5 |  5.4
Armour         | 1 2 3 |  3.0
Stealth        | 2 3 |  3.6
Spellcasting   | 4 5 |  5.4
Dodging        | 3 4 |  4.4
Evocations     | 1 |  1.9

Action                   |  1- 3 |  4- 6 |  7- 9 || total
-------------------------+-------+-------+-------++-------
 Cast: Magic Dart        |    69 |   104 |    81 ||   254
       Summon Small Mamm |     7 |     2 |       ||     9
       Searing Ray       |       |     9 |    27 ||    36
       Iskenderun's Myst |       |       |     6 ||     6
Armor: Robe              |     1 |     8 |    14 ||    23
Dodge: Dodged            |     5 |    17 |    25 ||    47

Table legend: (Time is in decaauts)
 A = Elapsed time spent in this place.
 B = Non-inter-level travel time spent in this place.
 C = Inter-level travel time spent in this place.
 D = Time resting spent in this place.
 E = Time spent auto-exploring this place.
 F = Levels seen in this place.
 G = Mean time per level.
                   A        B        C        D        E       F      G
               +--------+--------+--------+--------+--------+-----+--------+
         Total |   3801 |   3677 |    124 |    643 |   2342 |   5 |  760.2 |
       Dungeon |   3801 |   3677 |    124 |    643 |   2342 |   5 |  760.2 |
               +--------+--------+--------+--------+--------+-----+--------+

Top non-repeatable levels by time:
     D:4: 1165 daAuts
     D:3: 1117 daAuts
     D:1: 579 daAuts
     D:2: 515 daAuts
     D:5: 422 daAuts
